 Dungeon Crawl Stone Soup version bcrawl-1.21.2-28-g2cb1824106 (webtiles) character file.

Game seed: 10592503952550455247

39 MisterOstroum the Sneak (level 3, -3/21 HPs)
             Began as a Vine Stalker Archaeologist on Mar 6, 2020.
             Slain by Jessica
             ... wielding a +0 dagger of venom
              (4 damage)
             ... on level 2 of the Dungeon.
             The game lasted 00:02:32 (1111 turns).

MisterOstroum the Sneak (VSAc)                      Turns: 1111, Time: 00:02:32

Health: -3/21      AC:  6    Str: 13    XL:     3   Next: 47%
Magic:  4/4        EV: 13    Int: 14    God:
Gold:   116        SH:  0    Dex: 13    Spells: 2/2 levels left

rFire    . . .     SeeInvis .   a - +0 dagger
rCold    + . .     Gourm    .   (no shield)
rNeg     . . .     Faith    .   r - +1 robe
rPois    .         Spirit   .   w - +1 hat
rElec    .         Reflect  .   (no cloak)
rCorr    .         Harm     .   (no gloves)
MR       .....                  d - +1 pair of boots
Stlth    +++.......             (no amulet)
HPRegen  0.47/turn              m - ring of protection from cold
MPRegen  0.09/turn              (no ring)

@: lethally poisoned (-3 -> -25)
A: fangs 2, regeneration 1, no potion heal 3, rot immunity, strong jaws
a: no special abilities


You were on level 2 of the Dungeon.
You were hungry.

You visited 1 branch of the dungeon, and saw 2 of its levels.

You collected 116 gold pieces.

Inventory:

Hand Weapons
 a - a +0 dagger (weapon)
 b - a +0 short sword
 c - a +0 long sword
 l - a +0 whip
 n - a +0 hand axe
Missiles
 i - 262 arrows
 j - 558 stones (quivered)
 A - 211 bolts
Armour
 d - a +1 pair of boots (worn)
 k - a cursed +0 buckler
 r - a +1 robe (worn)
 w - a +1 hat (worn)
Jewellery
 m - a ring of protection from cold (left hand)
Scrolls
 g - a scroll of magic mapping {@r5 !r}
 q - 3 scrolls of remove curse {unknown}
 v - a scroll of amnesia {unknown}
 y - a scroll of teleportation {unknown}
 z - 2 scrolls of identify {unknown}
Potions
 h - a potion of degeneration {unknown}
 o - a potion of magic {unknown}
 p - a potion of ambrosia {unknown}
 s - a potion of flight {unknown}
 t - a potion of invisibility {unknown}
 u - 2 potions of curing {unknown}
 x - a potion of lignification {unknown}
Miscellaneous
 f - a dusty tome
Comestibles
 e - 3 rations {!d}


   Skills:
 + Level 1.7 Fighting
 * Level 2.1 Short Blades
 - Level 0.8 Maces & Flails
 - Level 3.0 Dodging
 - Level 4.4 Stealth


You had 2 spell levels left.
You didn't know any spells.
Your spell library was empty.

Dungeon Overview and Level Annotations

Branches:
Dungeon (2/12)

Altars:
Xom

Annotations:
D:2 exclusion: hobgoblin, Jessica


Innate Abilities, Weirdness & Mutations

You have extremely sharp teeth.
Your natural rate of healing is unusually fast.
Potions cannot restore your health.
You are immune to rotting.
Your bites deal extra damage.


Message History

The rat bites you but does no damage.
Adjust to which letter? (? for menu, Esc to quit)
a - a +0 dagger (weapon);
l - a +0 whip Adjust to which letter? (? for menu, Esc to quit)
b - a +0 short sword;
r - a +1 robe (worn)
You hit the rat. You bite the rat.
You kill the rat!
b - a +0 short sword (weapon)
You hit the orc but do no damage. The orc hits you with a +0 falchion.
You hit the orc.
The orc is moderately wounded.
The orc closely misses you.
You barely miss the orc.
The orc is moderately wounded.
The orc barely misses you.
You hit the orc.
You kill the orc!
No target in view!
No target in view!
Things that are here:
a +0 falchion; a +0 chain mail There isn't anything to butcher here.
Unknown command.
Adjust to which letter? (? for menu, Esc to quit)
c - a long sword;
w - a +1 hat (worn)
Wield which item (- for none, * to show all)? (? for menu, Esc to quit)
c - a +0 long sword (weapon)
Unknown command.
a - a +0 dagger (weapon)
j - 558 stones (gained 132)
A - 79 bolts All of the chunks of flesh in your inventory have rotted away.
z - 2 scrolls labeled YDWEOT CAOLE (gained 1)
You now have 93 gold pieces (gained 12).
A - 211 bolts (gained 132)
Found a stone staircase leading down.
m - an onyx ring You now have 116 gold pieces (gained 23).
You see here a ring mail.
There is a stone staircase leading down here.
There is a stone staircase leading down here.
You are feeling hungry.
No target in view!
Put on which piece of jewellery? (? for menu, Esc to quit)
m - a ring of protection from cold (left hand) Partly explored, can't reach some places.
Partly explored, can't reach some places.
Partly explored, can't reach some places.
Partly explored, can't reach some places.
Press: ? - help, v - describe, . - travel The floor.
Unknown command.
Unknown command.
There is a stone staircase leading down here.
Really walk into a travel-excluded area?
The hobgoblin shouts!
Jessica shouts!
Jessica grins evilly.
Jessica drinks a potion.
Jessica suddenly seems more agile.
Jessica mumbles some strange words.
Jessica seems to speed up.
You hit Jessica but do no damage. Jessica barely misses you.
The hobgoblin hits you with a +0 club.
Jessica hits you with a +0 dagger of venom.
You are poisoned.
You hit Jessica.
Jessica is moderately wounded.
You feel sick.
The hobgoblin hits you but does no damage.
Jessica hits you with a +0 dagger of venom.
You are more poisoned.
You closely miss Jessica.
Jessica is moderately wounded.
You feel sick. Jessica hits you but does no damage.
You are lethally poisoned!
The hobgoblin hits you but does no damage.
You hit Jessica.
Jessica is severely wounded.
You feel sick. Jessica barely misses you. The hobgoblin closely misses you.
Jessica grins evilly.
Jessica hits you but does no damage.
You are more poisoned.
You barely miss Jessica. Your bite misses Jessica.
Jessica is severely wounded.
You feel very sick.
Jessica hits you with a +0 dagger of venom.
You are more poisoned.
The hobgoblin hits you but does no damage.
You completely miss Jessica.
Jessica is severely wounded.
* * * LOW HITPOINT WARNING * * *
You feel sick. Jessica closely misses you.
You hit Jessica.
Jessica is almost dead.
* * * LOW HITPOINT WARNING * * *
You feel very sick.
Jessica hits you with a +0 dagger of venom.
* * * LOW HITPOINT WARNING * * *
The hobgoblin hits you but does no damage.
Jessica hits you with a +0 dagger of venom.
You die...

..##.# ##..$..#.# #.#
..##.# #........# #.#
..##.####.....#.# #.#
..#...# ##...##.# #.#
...###.####.....### ###.#
..## #$###.<.....# #...#
..# #.........#.# #.###
..## ##........@..# #.#
...###.###.....g@# #.#
........###....!.########
#.#
......>.###....#........#
#.#
........#...###########.#
#.#### ^......##.# #.#
#..... ..#...###.# #>#
#.#### .###.## #.#
##.####.# ## #.# #.#
#.#.....# #.# #.#
##..###.#


You could see Jessica and a hobgoblin.

Vanquished Creatures
  2 oozes
  4 leopard geckos
  2 orcs (D:2)
  2 bats
  A giant cockroach (D:2)
  2 hobgoblins (D:1)
  A kobold (D:1)
  A ball python (D:1)
  2 frilled lizards (D:1)
  3 goblins
  5 rats
25 creatures vanquished.

Notes
Turn   | Place    | Note
-------+----------+-------------------------------------------
     0 | D:1      | MisterOstroum the Vine Stalker Archaeologist began the
                  | quest for the Orb.
     0 | D:1      | Reached XP level 1. HP: 11/11 MP: 2/2
    69 | D:1      | Reached skill level 1 in Fighting
   125 | D:1      | Reached skill level 1 in Short Blades
   125 | D:1      | Reached XP level 2. HP: 13/16 MP: 3/3
   174 | D:1      | Found a shimmering altar of Xom.
   493 | D:2      | Reached XP level 3. HP: 20/20 MP: 4/4
   591 | D:2      | Noticed Jessica
  1111 | D:2      | HP: 1/21 [Jessica/+0 dagger of venom (2)]
  1111 | D:2      | Slain by Jessica

Skill      XL: |  1  2  3 |
---------------+----------+-----
Fighting       | 1 |  1.7
Short Blades   | 1 2 |  2.1
Maces & Flails | |  0.8
Dodging        | |  3.0
Stealth        | |  4.4

Action                   || total
-------------------------++-------
Melee: Dagger            ||    96
       Whip              ||     8
       Bite              ||     8
       Short sword       ||     4
 Stab: Sleeping          ||     5
Armor: Robe              ||    31
Dodge: Dodged            ||    79
